Map: Orbital Shipyard

Players

xKawaiian

  • Race: Terran Terran
  • League: Master

WinterSC - Winner!

  • Race: Protoss Protoss
  • League: Grandmaster

VOD

Have the link to the VOD?

Description

Time

  • Played on: Jan. 14, 2016, 5:42 p.m.
  • Length: 11:13
Show
View Real Time Build Order
Export as new Build Order

xKawaiian Terran 

Build Orders: Reaper Expand, MMM Bio 

Get SALT Encoding   

  12  0:01  SCV  
  13  0:13  SCV  
  14  0:17  Supply Depot  
  14  0:25  SCV  
  15  0:39  SCV  
  15  0:41  Barracks  
  16  0:47  Refinery  
  16  0:51  SCV  
  17  1:03  SCV  
  18  1:15  SCV  
  19  1:30  Reaper  
  20  1:33  Orbital Command  
  20  1:40  Command Center  
  20  1:55  Supply Depot  
  20  1:58  SCV  
  21  2:03  Barracks Reactor  
  21  2:11  SCV, Barracks  
  22  2:20  Barracks  
  22  2:23  SCV  
  23  2:35  SCV  
  24  2:40  Marine x2  
  26  2:47  SCV  
  27  2:57  Orbital Command  
  27  2:58  Marine x2  
  27  2:59  SCV, Barracks Tech Lab  
  29  3:07  Factory  
  29  3:09  Marine  
  29  3:11  SCV, Refinery  
  31  3:16  Marine  
  31  3:17  Stimpack  
  31  3:18  Marine  
  33  3:21  Marine  
  33  3:23  SCV  
  33  3:24  SCV  
  36  3:31  Marine  
  36  3:34  Marine  
  37  3:35  SCV  
  37  3:37  SCV  
  37  3:38  Marine  
  37  3:39  Marine  
  42  3:45  Supply Depot  
  42  3:49  Marine  
  42  3:50  SCV  
  42  3:52  Marine  
  45  3:56  Marine  
  45  3:57  Starport, Factory Reactor  
  46  4:07  SCV x2, Supply Depot, Marine  
  49  4:10  Marine  
  50  4:19  SCV x2  
  50  4:20  Supply Depot, Marine x2  
  54  4:29  Marine  
  55  4:31  SCV x2  
  57  4:40  Command Center  
  57  4:41  Medivac  
  57  4:43  Medivac  
  61  4:46  Marine x2  
  61  4:50  Supply Depot, SCV  
  61  4:52  SCV  
  65  4:54  Marine  
  66  5:00  Marine  
  66  5:02  Supply Depot  
  66  5:03  SCV, Marine  
  66  5:04  SCV  
  70  5:10  Engineering Bay  
  70  5:14  Medivac  
  70  5:15  SCV  
  70  5:16  Factory Reactor, Engineering Bay  
  70  5:20  Marine  
  70  5:21  Marine  
  76  5:25  Combat Shields  
  76  5:26  Barracks Tech Lab  
  76  5:27  SCV x2  
  77  5:33  Refinery x2  
  77  5:39  SCV, Marauder  
  80  5:44  SCV  
  81  5:51  SCV  
  81  5:52  Missile Turret x2  
  81  5:53  Supply Depot  
  81  5:54  Orbital Command  
  81  5:56  SCV  
  83  6:01  Terran Infantry Weapons Level 1  
  83  6:03  Terran Infantry Armor Level 1, SCV  
  84  6:04  Marine  
  84  6:07  Marine  
  84  6:08  SCV  
  87  6:15  SCV, Medivac, Orbital Command  
  87  6:16  Marine x2  
  90  6:21  SCV  
  90  6:22  Marine  
  91  6:28  SCV  
  91  6:29  Medivac  
  91  6:30  Barracks  
  91  6:31  Barracks  
  94  6:33  SCV  
  94  6:34  Marauder  
  97  6:40  SCV x2  
  97  6:43  Marine  
  97  6:44  Marauder  
  97  6:45  SCV, Marine, Widow Mine x2  
  108  6:52  SCV, Missile Turret  
  109  7:00  Supply Depot  
  109  7:03  Supply Depot  
  109  7:04  Supply Depot  
  109  7:08  Concussive Shells  
  109  7:14  Supply Depot  
  109  7:21  Medivac, Marine x2  
  109  7:22  SCV x3, Barracks Tech Lab, Refinery, Barracks Reactor  
  117  7:23  Refinery  
  117  7:30  Armory  
  117  7:34  SCV x3  
  119  7:38  Command Center, Supply Depot x3  
  119  7:44  Marauder, Marine  
  119  7:46  SCV x3  
  125  7:57  Marauder, Marine  
  125  7:58  SCV  
  109  7:59  Marauder, Marine  
  109  8:02  Marine  
  109  8:05  Marine  
  97  8:06  Marauder  
  97  8:07  Barracks x2  
  89  8:14  Marine  
  89  8:15  Widow Mine, Medivac x2  
  89  8:16  Marine  
  89  8:18  Widow Mine  
  95  8:20  Terran Infantry Weapons Level 2  
  95  8:22  Missile Turret x2  
  95  8:23  Terran Infantry Armor Level 2  
  95  8:33  Marine x3  
  95  8:34  Marauder  
  100  8:37  Terran Vehicle And Ship Armor Level 1, Marine  
  100  8:38  Marauder  
  100  8:39  SCV  
  100  8:40  SCV  
  105  8:43  Widow Mine  
  105  8:45  Medivac x2  
  105  8:48  Marauder  
  113  8:51  Marine x3  
  113  8:55  Marauder  
  119  8:59  Marauder  
  121  9:02  Liberator  
  121  9:04  Widow Mine, Marine  
  121  9:07  SCV  
  121  9:09  Barracks Reactor, Barracks Tech Lab, Marauder  
  126  9:10  Missile Turret  
  126  9:11  Missile Turret  
  126  9:16  Marauder  
  125  9:18  Marine  
  125  9:19  Marine  
  125  9:21  Marauder  
  122  9:26  Marine  
  122  9:29  Marauder, Marine  
  122  9:31  Marauder  
  101  9:34  Widow Mine  
  101  9:36  Marine  
  101  9:37  Marine  
  101  9:38  Marauder  
  95  9:42  Marine  
  95  9:43  Marine  
  78  9:47  Marine x3  
  78  9:50  Marine  
  78  9:51  Widow Mine  
  78  9:52  Marine  
  75  9:57  Marine x2  
  75  9:58  Marine  
  78  10:02  Marine  
  74  10:07  Marine  
  74  10:08  Marauder  
  74  10:10  Marine  
  74  10:12  Marine  
  74  10:13  Marine x2  
  70  10:15  Marine  
  70  10:16  Marine x2  
  70  10:20  Marine  
  59  10:23  Medivac  
  59  10:25  Marine  
  58  10:29  Marauder, Marine  
  58  10:31  Marine  
  61  10:36  Marine x2  
  61  10:37  Marauder  
  61  10:42  Marauder  
  64  10:44  Marine  
  64  10:46  Marine  
  64  10:48  Marine  
Show
View Real Time Build Order
Export as new Build Order

WinterSC Protoss - Winner!

Build Orders: 1 Gate Expand 

Get SALT Encoding   

  12  0:01  Probe (Chrono Boost)  
  13  0:12  Probe (Chrono Boost)  
  14  0:21  Pylon  
  14  0:22  Probe (Chrono Boost)  
  15  0:39  Probe (Chrono Boost)  
  15  0:42  Gateway  
  16  0:50  Probe (Chrono Boost)  
  17  1:01  Probe (Chrono Boost)  
  18  1:16  Nexus  
  18  1:22  Assimilator  
  18  1:30  Cybernetics Core  
  18  1:38  Assimilator  
  18  1:42  Probe (Chrono Boost)  
  19  1:52  Probe (Chrono Boost)  
  20  1:54  Pylon  
  20  2:03  Probe (Chrono Boost)  
  21  2:13  Probe (Chrono Boost), Adept (Chrono Boost)  
  24  2:21  Warp Gate (Chrono Boost)  
  23  2:25  Probe  
  24  2:30  Probe  
  27  2:37  Probe, Adept (Chrono Boost)  
  27  2:48  Probe  
  28  3:01  Probe  
  28  3:05  Mothership Core  
  31  3:07  Robotics Facility  
  31  3:12  Probe  
  32  3:21  Gateway  
  32  3:22  Probe  
  32  3:26  Probe  
  34  3:32  Gateway  
  34  3:33  Probe  
  34  3:39  Probe  
  36  3:43  Probe  
  37  3:50  Pylon  
  37  3:52  Probe  
  37  3:54  Probe  
  38  3:58  Stargate  
  38  4:01  Observer (Chrono Boost)  
  40  4:04  Probe  
  40  4:05  Probe  
  40  4:07  Pylon  
  42  4:16  Probe, Pylon  
  42  4:17  Probe  
  43  4:20  Assimilator  
  44  4:28  Probe, Forge  
  44  4:30  Assimilator  
  44  4:31  Observer (Chrono Boost)  
  46  4:33  Sentry  
  46  4:34  Probe  
  46  4:38  Adept  
  51  4:40  Probe  
  51  4:44  Probe  
  52  4:47  Pylon  
  52  4:50  Stalker  
  52  4:52  Probe  
  56  4:58  Probe  
  57  5:00  Phoenix  
  57  5:05  Probe  
  60  5:08  Photon Cannon  
  60  5:10  Photon Cannon  
  60  5:12  Protoss Ground Weapons Level 1 (Chrono Boost)  
  60  5:21  Probe  
  61  5:22  Probe  
  61  5:27  Phoenix (Chrono Boost)  
  64  5:31  Stalker x2  
  64  5:33  Probe  
  69  5:51  Phoenix (Chrono Boost)  
  69  5:56  Twilight Council  
  71  5:57  Probe  
  71  6:00  Pylon  
  71  6:02  Pylon  
  72  6:04  Adept  
  72  6:05  Adept  
  75  6:11  Immortal  
  77  6:21  Adept  
  77  6:22  Probe  
  77  6:24  Gateway  
  80  6:26  Gateway, Probe  
  80  6:29  Phoenix (Chrono Boost)  
  83  6:34  Probe, Pylon  
  83  6:37  Resonating Glaives (Chrono Boost)  
  83  6:39  Adept x2  
  88  6:49  Warp Prism  
  88  6:54  Adept  
  92  6:57  Protoss Ground Armor Level 1  
  92  7:03  Sentry x2  
  92  7:04  Gateway  
  92  7:06  Gateway  
  96  7:18  Adept  
  97  7:30  Gateway  
  97  7:36  Pylon  
  97  7:38  Gateway  
  97  7:39  Pylon  
  97  7:42  Gateway  
  95  7:45  Adept  
  95  7:46  Adept x2  
  97  8:00  Adept x2  
  81  8:06  Adept x3  
  81  8:07  Probe  
  81  8:11  Probe  
  81  8:19  Probe  
  82  8:24  Sentry  
  82  8:25  Probe  
  85  8:32  Adept x2  
  85  8:33  Sentry  
  85  8:34  Adept x3  
  95  8:37  Adept x2  
  101  8:53  Adept  
  101  8:54  Adept x6  
  115  8:57  Adept  
  115  9:01  Probe  
  118  9:05  Pylon  
  116  9:21  Adept  
  114  9:27  Adept x2  
  114  9:28  Adept x5  
  92  9:40  Adept x2  
  90  9:49  Sentry x2  
  90  9:50  Sentry, Probe  
  95  10:07  Adept x6  
  87  10:14  Adept x3  
  87  10:18  Adept  
  85  10:31  Adept x4  
  93  10:38  Adept  
  93  10:39  Adept  
  97  10:44  Sentry x3  
  99  10:55  Adept x2  
  99  10:57  Adept  
  99  10:59  Sentry  
  101  11:11  Adept  
Tags
 
Add a new tag
Caveats
  • Supply blocks, unpowered buildings, or Contaminate may cause inaccurate times.
  • Supply counts are checked every 10 seconds.